 Dungeon Crawl Stone Soup version 0.29.0-4-gdea44cf6ec (webtiles) character file.

Game seed: 11165547042080360439

4 qw the Caller (level 1, 0/14 HPs)
             Began as a Ghoul Summoner on Sept 10, 2022.
             Slain by a jackal (2 damage)
             ... on level 1 of the Dungeon.
             The game lasted 00:00:07 (304 turns).

qw the Caller (Ghoul Summoner)                       Turns: 304, Time: 00:00:07

Health: 0/14       AC:  2    Str: 11    XL:     1   Next: 60%
Magic:  0/2        EV: 12    Int: 10    God:
Gold:   10         SH:  0    Dex:  9    Spells: 2/3 levels left

rFire   . . .      SeeInvis .   (no weapon)
rCold   + . .      Faith    .   (no shield)
rNeg    + + +      Spirit   .   a - +0 robe
rPois   inf        Reflect  .   (no helmet)
rElec   .          Harm     .   (no cloak)
rCorr   .          Rampage  .   (no gloves)
Will    .....                   (no boots)
Stlth   ++........              (no amulet)
HPRegen 0.00/turn               (no ring)
MPRegen 0.08/turn               (no ring)

@: inhibited regen
A: claws 1, cold resistance 1, negative energy resistance 3, inhibited
regeneration, torment resistance 2, devour on kill
a: no special abilities


You were on level 1 of the Dungeon.
You visited 1 branch of the dungeon, and saw 1 of its levels.

You collected 10 gold pieces.


Innate Abilities, Weirdness & Mutations

You are immune to poison.
You have sharp fingernails.
Your flesh is cold resistant. (rC+)
You are immune to negative energy. (rN+++)
You do not regenerate when monsters are visible.
You are immune to unholy pain and torment.
You thrive by killing the living.


   Skills:
 + Level 1.0 Axes
 - Level 1.7 Dodging
 - Level 2.1 Stealth
 - Level 1.7 Spellcasting
 - Level 3.6 Summonings


You had 2 spell levels left.
You knew the following spells:

 Your Spells              Type           Power      Damage    Failure   Level
a - Summon Small Mammal   Summ           32%        N/A       8%          1

Your spell library contained the following spells:

 Spells                   Type           Power      Damage    Failure   Level
 Call Imp                 Summ           8%         N/A       11%         2
 Call Canine Familiar     Summ           8%         N/A       22%         3
 Summon Guardian Golem    Hex/Summ       4%         N/A       43%         3
 Summon Lightning Spire   Summ/Air       4%         N/A       83%         4

Inventory:

Armour
 a - a +0 robe (worn)
Potions
 b - a potion of magic

Dungeon Overview and Level Annotations

Branches:
Dungeon (1/15)

Altars:


Message History

The jackal barely misses you.
You scratch the jackal but do no damage.
The jackal is moderately wounded.
Your bat hits the hobgoblin but does no damage.
Your bat barely misses the jackal.
The jackal bites you but does no damage.
The jackal bites you.
Your bat closely misses the jackal.
You closely miss the jackal.
The jackal is moderately wounded.
Your bat hits the jackal but does no damage.
The jackal bites you but does no damage.
Your bat barely misses the jackal.
The jackal bites you.
Your bat barely misses the hobgoblin.
Your bat closely misses the jackal.
The jackal barely misses you. The jackal bites you.
You scratch the jackal but do no damage.
The jackal is moderately wounded.
Your bat hits the hobgoblin. Your bat misses the jackal.
The jackal bites you. x2
Your bat hits the jackal but does no damage.
Your bat misses the jackal. You closely miss the jackal.
The jackal is moderately wounded.
Your bat completely misses the jackal.
Your bat hits the hobgoblin but does no damage.
Your bat hits the jackal but does no damage.
The jackal bites you. The jackal closely misses you.
Your bat completely misses the jackal.
You scratch the jackal.
You kill the jackal!
You feel better.
Your bat hits the hobgoblin but does no damage.
The jackal bites you.
Your bat hits the jackal but does no damage.
Your bat hits the jackal. The jackal closely misses you.
The hobgoblin hits your bat.
Your Axes skill increases to level 1!
You barely miss the jackal.
The jackal is moderately wounded.
Your bat barely misses the hobgoblin.
Your bat misses the jackal. The jackal bites you.
You die...

###.# # #...#.#
#.#.#.## #.#....
#.... #gb###
#.h..# #@b#.# #
#..# #.. #.##.#
#.. ..# #....#
#.. ... ####.#
#.###.. #.#
#...#.. #.#
#.#.#..
#.#########...#..
#...........###..


You could see a jackal (ally target), a hobgoblin (distracted, ally target) and
2 friendly bats.

Vanquished Creatures
  A goblin (D:1)
  A hobgoblin (D:1)
  A jackal (D:1)
3 creatures vanquished.

Notes
Turn   | Place    | Note
-------+----------+-------------------------------------------
     0 | D:1      | qw the Ghoul Summoner began the quest for the Orb.
     0 | D:1      | Reached XP level 1. HP: 14/14 MP: 2/2
     0 | D:1      | 0 ||| qw: Version: 0.1-a-116-g5d60599
     0 | D:1      | 0 ||| qw: Game counter: 7595
     0 | D:1      | 0 ||| qw: Always use a shield: true
     0 | D:1      | 0 ||| qw: God list: Okawaru
     0 | D:1      | 0 ||| qw: Allow faded altars: false
     0 | D:1      | 0 ||| qw: Do Orc after D:15 true
     0 | D:1      | 0 ||| qw: Do second Lair branch before Depths: true
     0 | D:1      | 0 ||| qw: Lair rune preference: random
     0 | D:1      | 0 ||| qw: Plans: Normal
     0 | D:1      | 0 ||| PLANNING D:1-11
    22 | D:1      | 22 ||| Stepping ~*~*~tactically~*~*~ (hiding).
   160 | D:1      | 160 ||| CASTING Summon Small Mammal
   161 | D:1      | 161 ||| CASTING Summon Small Mammal
   173 | D:1      | 173 ||| CASTING Summon Small Mammal
   242 | D:1      | 242 ||| CASTING Summon Small Mammal
   243 | D:1      | 243 ||| CASTING Summon Small Mammal
   254 | D:1      | 254 ||| CASTING Summon Small Mammal
   285 | D:1      | 285 ||| CASTING Summon Small Mammal
   287 | D:1      | 287 ||| Stepping ~*~*~tactically~*~*~ (stealth).
   288 | D:1      | 288 ||| CASTING Summon Small Mammal
   294 | D:1      | 294 ||| Stepping ~*~*~tactically~*~*~ (outnumbered).
   298 | D:1      | 298 ||| CASTING Summon Small Mammal
   301 | D:1      | HP: 3/14 [jackal (3)]
   302 | D:1      | HP: 1/14 [jackal (1)]
   304 | D:1      | Reached skill level 1 in Axes
   304 | D:1      | Slain by a jackal

Levels and vault maps discovered:
D:1:      dpeg_arrival_boxes_within_box, layout_basic, minivault_27,
          nicolae_concentric_dashed_squares_wild

Skill      XL: |  1 |
---------------+----+-----
Axes           | 1 |  1.0
Dodging        | |  1.7
Stealth        | |  2.1
Spellcasting   | |  1.7
Summonings     | |  3.6

Action                   || total
-------------------------++-------
Melee: Unarmed           ||    19
 Cast: Summon Small Mamm ||     8
Armor: Robe              ||     7
Dodge: Dodged            ||    16

Table legend:
 A = Non-vault XP
 B = Vault XP
 C = Vault XP percentage of total XP
 D = Non-vault monster count
 E = Vault monster count
 F = Vault count percentage of total count
                 A         B        C        D         E       F
            +---------+---------+-------+---------+---------+-------
      Total |       6 |       0 |   0.0 |       3 |       0 |   0.0
            +---------+---------+-------+---------+---------+-------
        D:1 |       6 |       0 |   0.0 |       3 |       0 |   0.0
            +---------+---------+-------+---------+---------+-------
